 Dungeon Crawl Stone Soup version 0.31-a0-246-g8cbcc1cb85 (webtiles) character file.

Game seed: 1347916035466614511

88 qw the Shooter (level 4, -1/36 HPs)
             Began as a Minotaur Hexslinger on July 12, 2023.
             Slain by Ijyb
             ... wielding a +0 dagger
              (3 damage)
             ... on level 2 of the Dungeon.
             The game lasted 00:00:50 (1591 turns).

qw the Shooter (Minotaur Hexslinger)                Turns: 1591, Time: 00:00:51

Health: -1/36      AC:  4    Str: 13    XL:     4   Next: 30%
Magic:  4/4        EV: 12    Int: 10    God:
Gold:   37         SH:  0    Dex: 14    Spells: 4/5 levels left

rFire   . . .        Y - +2 sling
rCold   . . .        (no shield)
rNeg    . . .        c - +2 robe {Will+}
rPois   .            (helmet restricted)
rElec   .            (no cloak)
rCorr   .            (no gloves)
SInv    .            (no boots)
Will    +....        (no amulet)
Stlth   +            (no ring)
HPRegen 0.26/turn    (no ring)
MPRegen 0.09/turn

%: no passive effects
@: confused
A: horns 2, retaliatory headbutt
a: no special abilities


You were on level 2 of the Dungeon.
You visited 1 branch of the dungeon, and saw 3 of its levels.

You collected 99 gold pieces.
You spent 62 gold pieces at shops.


Innate Abilities, Weirdness & Mutations

You have a pair of horns on your head.
You reflexively headbutt those who attack you in melee.


   Skills:
 - Level 2.0 Fighting
 + Level 4.6 Ranged Weapons
 - Level 1.0 Armour
 - Level 2.1 Dodging
 - Level 1.0 Spellcasting
 - Level 2.0 Hexes


You had 4 spell levels left.
You knew the following spells:

 Your Spells              Type           Power      Damage    Failure   Level
a - Slow                  Hex            16%        N/A       16%         1

Your spell library contained the following spells:

 Spells                   Type           Power      Damage    Failure   Level
 Inner Flame              Hex/Fire       2%         N/A       56%         3
 Portal Projectile        Hex/Tloc       4%         N/A       56%         3
 Cause Fear               Hex            2%         N/A       83%         4

Inventory:

Hand Weapons
 Y - a +2 sling (weapon)
Armour
 c - a +2 robe of willpower (worn)
Scrolls
 b - 2 scrolls of identify

Dungeon Overview and Level Annotations

Branches:
Dungeon (3/15)

Altars:
Xom

Shops:
D:3 [

Annotations:
D:2 Ijyb


Message History

Ijyb zaps a wand.
Your will is overpowered!
You are confused.
Ijyb zaps a wand.
You resist with almost no effort. Ijyb screams, "Me stronger than you!"
Ijyb hits you with a +0 dagger. Ijyb closely misses you.
Ijyb barely misses you.
Ijyb zaps a wand.
You resist with almost no effort.
You feel less confused. Ijyb closely misses you. You furiously retaliate!
You headbutt Ijyb, but do no damage. You shoot a sling bullet.
The sling bullet hits Ijyb.
Ijyb is almost dead.
Ijyb hits you but does no damage. x2
You shoot a sling bullet.
The sling bullet hits Ijyb but does no damage.
Ijyb is almost dead.
Ijyb hits you with a +0 dagger.
You shoot a sling bullet.
The sling bullet hits Ijyb but does no damage.
Ijyb is almost dead.
Ijyb closely misses you.
You shoot a sling bullet.
The sling bullet hits Ijyb but does no damage.
Ijyb is almost dead.
Ijyb barely misses you.
You shoot a sling bullet.
The sling bullet hits Ijyb but does no damage.
Ijyb is almost dead.
Ijyb zaps a wand.
Your will is overpowered!
You are confused.
Ijyb hits you but does no damage.
Ijyb zaps a wand.
Your will is overpowered!
You are more confused.
Ijyb hits you with a +0 dagger.
Ijyb zaps a wand.
You resist with almost no effort. Ijyb barely misses you.
Ijyb hits you but does no damage. Ijyb hits you with a +0 dagger.
You die...

.....####### #......#
#.# ......# #..#####
#.# ......##### ##..#
#.# ..........## #...#
#.#
......###..#######.#.#
#.###
####............##.#.#
#....
##########.........#.#
#####
...............g.###.#
#.########.#....@# #.#
#.#......#.#.#.#####.#
#.#.####.#.#...<..##.#
#.#.# #.#.###..#.##.#
#.#.# #.#......#.##.#
..#.# #.######.#..(.#
###.# #.# #.######
....# #.######.# #####
#........#


You could see Ijyb.

Vanquished Creatures
  An adder (D:2)
  3 gnolls (D:3)
  2 worms (D:2)
  A dart slug (D:1)
  An orc (D:3)
  7 ball pythons
  5 endoplasms
  2 giant cockroaches (D:1)
  3 goblins
  3 hobgoblins
  A quokka (D:2)
  5 bats
  5 kobolds
  2 rats (D:1)
41 creatures vanquished.

Notes
Turn   | Place    | Note
-------+----------+-------------------------------------------
     0 | D:1      | qw the Minotaur Hexslinger began the quest for the Orb.
     0 | D:1      | Reached XP level 1. HP: 16/16 MP: 1/1
     0 | D:1      | 0 ||| qw: Version: 0.3-a-52-g30416fa
     0 | D:1      | 0 ||| qw: Game counter: 6381
     0 | D:1      | 0 ||| qw: Melee chars always use a shield: true
     0 | D:1      | 0 ||| qw: God list: Okawaru
     0 | D:1      | 0 ||| qw: Allow faded altars: false
     0 | D:1      | 0 ||| qw: Do Orc after clearing Dungeon:15 true
     0 | D:1      | 0 ||| qw: Do second Lair branch before Depths: true
     0 | D:1      | 0 ||| qw: Lair rune preference: random
     0 | D:1      | 0 ||| qw: Goals: Normal
     0 | D:1      | 0 ||| PLANNING D:1-11
   158 | D:1      | Reached skill level 3 in Ranged Weapons
   161 | D:1      | Reached XP level 2. HP: 23/23 MP: 2/2
   577 | D:1      | 577 ||| UPGRADING to +0 leather armour.
   587 | D:1      | 587 ||| DROPPING +0 robe.
   588 | D:1      | 588 ||| UPGRADING to +0 ring mail.
   598 | D:1      | 598 ||| DROPPING +0 leather armour.
   599 | D:1      | 599 ||| READING scroll labelled NUCYEME PAXTAUS.
   600 | D:1      | 600 ||| READING scroll labelled VUOCYBEO JORA.
   601 | D:1      | 601 ||| READING 3 scrolls labelled IBO BUTOY.
   602 | D:1      | 602 ||| DROPPING scroll of poison.
   603 | D:1      | 603 ||| DROPPING 2 scrolls of fear.
   748 | D:2      | Reached XP level 3. HP: 29/29 MP: 3/3
   791 | D:2      | Found a faded altar of an unknown god.
   948 | D:2      | Reached skill level 4 in Ranged Weapons
  1207 | D:2      | Reached skill level 1 in Armour
  1342 | D:2      | 1342 ||| READING scroll labelled FUIHAK XASO.
  1343 | D:2      | 1343 ||| READING scroll labelled ZOGINIL COIRGHO.
  1344 | D:2      | 1344 ||| READING scroll labelled HIAPEN ICROREO.
  1372 | D:3      | Noticed an angel
  1372 | D:3      | Found a shimmering altar of Xom.
  1389 | D:3      | Found Daykow's Antique Armour Shoppe.
  1402 | D:3      | 1402 ||| SHOPLISTING +2 cloak of the Thief {*Fog Slay-2
                  | SInv Stlth+} (341 gold, have 99).
  1402 | D:3      | 1402 ||| SHOPLISTING glowing cloak (127 gold, have 99).
  1402 | D:3      | 1402 ||| BUYING glowing robe (62 gold).
  1402 | D:3      | Bought a glowing robe for 62 gold pieces
  1402 | D:3      | 1402 ||| SHOPLISTING pair of runed gloves (127 gold, have
                  | 37).
  1415 | D:3      | Noticed Ijyb
  1416 | D:3      | Reached XP level 4. HP: 16/36 MP: 4/4
  1417 | D:3      | 1417 ||| FLEEEEING.
  1418 | D:3      | 1418 ||| FLEEEEING.
  1419 | D:3      | 1419 ||| FLEEEEING.
  1420 | D:3      | 1420 ||| FLEEEEING.
  1421 | D:3      | 1421 ||| FLEEEEING.
  1422 | D:3      | 1422 ||| FLEEEEING.
  1423 | D:3      | 1423 ||| FLEEEEING.
  1424 | D:3      | 1424 ||| FLEEEEING.
  1425 | D:3      | 1425 ||| FLEEEEING.
  1426 | D:3      | 1426 ||| FLEEEEING.
  1427 | D:3      | 1427 ||| FLEEEEING.
  1428 | D:3      | 1428 ||| FLEEEEING.
  1429 | D:3      | 1429 ||| FLEEEEING.
  1430 | D:3      | 1430 ||| FLEEEEING.
  1431 | D:3      | 1431 ||| FLEEEEING.
  1432 | D:3      | 1432 ||| FLEEEEING.
  1433 | D:3      | 1433 ||| STAIRDANCE
  1492 | D:2      | 1492 ||| UPGRADING to +2 robe of willpower.
  1502 | D:2      | 1502 ||| DROPPING +0 ring mail.
  1503 | D:2      | 1503 ||| DRINKING 2 orange potions.
  1504 | D:2      | 1504 ||| DROPPING potion of invisibility.
  1516 | D:3      | 1516 ||| STAIRDANCE
  1518 | D:3      | 1518 ||| STAIRDANCE
  1571 | D:2      | HP: 7/36 [Ijyb/+0 dagger (6)]
  1581 | D:2      | HP: 4/36 [Ijyb/+0 dagger (4)]
  1587 | D:2      | HP: 1/36 [Ijyb/+0 dagger (4)]
  1591 | D:2      | Slain by Ijyb

Levels and vault maps discovered:
D:1:      saegor_arrival_fortress, layout_basic, minmay_misc_feat_diagonals
D:2:      layout_basic, shapermc_ecumenical_altar_mp_urbaneastern
D:3:      layout_rooms, grunt_temple_overflow_order_and_chaos_1, serial_glass,
          glass_columns_a, glass_columns_a, serial_shops, shop, uniq_ijyb

Skill      XL: |  1  2  3 |
---------------+----------+-----
Ranged Weapons | 3 4 |  4.6
Fighting       | 2 |  2.0
Armour         | 1 |  1.0
Dodging        | |  2.1
Spellcasting   | |  1.0
Hexes          | |  2.0

Action                     |  1- 3 |  4- 6 || total
---------------------------+-------+-------++-------
   Fire: Sling             |   131 |    34 ||   165
    Use: Scroll            |     6 |       ||     6
         Potion            |       |     1 ||     1
 Armour: Robe              |     5 |    11 ||    16
         Ring mail         |    11 |       ||    11
  Dodge: Dodged            |    22 |    36 ||    58

Table legend:
 A = Non-vault XP
 B = Vault XP
 C = Vault XP percentage of total XP
 D = Non-vault monster count
 E = Vault monster count
 F = Vault count percentage of total count
                 A         B        C        D         E       F
            +---------+---------+-------+---------+---------+-------
      Total |     127 |       0 |   0.0 |      41 |       0 |   0.0
            +---------+---------+-------+---------+---------+-------
        D:1 |      29 |       0 |   0.0 |      18 |       0 |   0.0
        D:2 |      49 |       0 |   0.0 |      18 |       0 |   0.0
        D:3 |      49 |       0 |   0.0 |       5 |       0 |   0.0
            +---------+---------+-------+---------+---------+-------
